 Dungeon Crawl Stone Soup version 0.29-a0-416-g83a48905f1 (webtiles) character file.

Game seed: 3462482784638144187

437 croobank the Sneak (level 7, -2/41 HPs)
             Began as an Octopode Fire Elementalist on May 16, 2022.
             Was an Initiate of Gozag.
             Shot with an arrow by a centaur (12 damage)
             ... on level 5 of the Dungeon.
             The game lasted 00:12:20 (4306 turns).

croobank the Sneak (Octopode Fire Elementalist)     Turns: 4306, Time: 00:12:22

Health: -2/41      AC:  1    Str:  8    XL:     7   Next: 1%
Magic:  7/12       EV: 14    Int: 25    God:    Gozag
Gold:   227        SH:  0    Dex: 12    Spells: 2/12 levels left

rFire   . . .      SeeInvis .   c - +0 dagger (venom)
rCold   . . .      Faith    .   (no shield)
rNeg    . . .      Spirit   .   (helmet restricted)
rPois   .          Reflect  .   q - amulet of magic regeneration
rElec   .          Harm     .   s - +4 ring of slaying
rCorr   .          Rampage  .   t - +6 ring of intelligence
Will    .....                   (no ring)
Stlth   ++++......              (no ring)
HPRegen 0.13/turn               (no ring)
MPRegen 0.53/turn               (no ring)
                                (no ring)
                                (no ring)

@: gold aura
A: almost no armour, amphibious, 8 rings, camouflage 1, gelatinous body 1,
(nimble swimmer 1), tentacles
a: Renounce Religion, Potion Petition, Call Merchant, Bribe Branch


You were on level 5 of the Dungeon.
You worshipped Gozag.
Gozag was aware of your devotion.
You visited 2 branches of the dungeon, and saw 6 of its levels.

You collected 280 gold pieces.
You paid 53 gold pieces to Gozag.

Inventory:

Hand Weapons
 c - a +0 dagger of venom (weapon)
 e - a +5 dagger
 l - a +0 hunting sling
 n - a +0 long sword
Missiles
 g - 169 stones
 v - a throwing net
Magical Staves
 u - a staff of earth
Jewellery
 q - an amulet of magic regeneration (around mantle)
 s - a +4 ring of slaying (left tentacle)
 t - a +6 ring of intelligence (right tentacle)
 w - the ring of Loiviq {rElec rPois rC- Will+ Slay+4}
   (You found it on level 4 of the Dungeon)

   [ring of slaying]

   Slay:      It affects your accuracy & damage with ranged weapons and melee
   (+4).
   rC:        It makes you vulnerable to cold.
   rElec:     It insulates you from electricity.
   rPois:     It protects you from poison.
   Will:      It increases your willpower.
Wands
 r - a wand of acid (14)
Scrolls
 b - 4 scrolls of teleportation
 f - a scroll of enchant armour
 k - 2 scrolls of fog
Potions
 a - a potion of magic
 d - 2 potions of brilliance
 h - a potion of cancellation {unknown}
 i - a potion of might
 j - a potion of curing
 m - 3 potions of heal wounds


   Skills:
 + Level 3.6 Dodging
 + Level 5.1 Stealth
 + Level 3.4 Spellcasting
 + Level 3.2 Conjurations
 + Level 4.2 Fire Magic


You had 2 spell levels left.
You knew the following spells:

 Your Spells              Type           Power      Damage    Failure   Level
a - Foxfire               Conj/Fire      88%        2x1d8     2%          1
b - Scorch                Fire           50%        2d7       2%          2
c - Flame Wave            Conj/Fire      22%        2d7       22%         4
d - Mephitic Cloud        Conj/Pois/Air  9%         N/A       19%         3

Your spell library contained the following spells:

 Spells                   Type           Power      Damage    Failure   Level
 Conjure Flame            Conj/Fire      22%        6-21      6%          3
 Inner Flame              Hex/Fire       14%        N/A       12%         3
 Ignite Poison            Fire/Tmut/Pois 11%        N/A       16%         3
 Freezing Cloud           Conj/Ice/Air   4%         6-21      86%         5


Dungeon Overview and Level Annotations

Branches:
Dungeon (5/15)             Temple (1/1) D:4

Altars:
Gozag
Xom
Zin

Annotations:
D:3 2 runed translucent doors


Innate Abilities, Weirdness & Mutations

You cannot wear most types of armour.
You are amphibious.
You can wear up to eight rings at the same time.
Your skin changes colour to match your surroundings (Stealth+).
Your rubbery body absorbs attacks. (AC +1, EV +1)
((You are camouflaged when in or above water. (Stealth+)))
You have tentacles for arms and can constrict up to eight enemies at once.


Message History

Press: ? - help, Shift-Dir - straight line, f/p - centaur
Aim: a centaur, wielding a +0 shortbow (chance to affect: 81%)
You miscast Mephitic Cloud.
Nothing appears to happen.
The centaur shoots an arrow.
The arrow hits you!
An adder comes into view.
The centaur shoots an arrow.
The arrow barely misses you.
The centaur shoots an arrow.
The arrow hits you!
The adder hisses angrily.
You climb upwards.
There is a stone staircase leading down here.
You start resting.
Magic restored.
You start resting.
Your magical contamination has completely faded away.
You start resting.
HP restored.
You climb downwards.
The centaur shoots an arrow.
The arrow misses you.
There is a stone staircase leading up, spattered with blood here.
Casting: Mephitic Cloud (quite dangerous; 19% risk of failure)
Confirm with . or Enter, or press ? or * to list all spells.
The spell is quite dangerous to miscast (19% risk of failure)!
Continue anyway?
Aiming: Mephitic Cloud (quite dangerous; 19% risk of failure)
Press: ? - help, Shift-Dir - straight line, f - adder
Aim: an adder (chance to affect: 91%)
The ball explodes into a vile cloud!
The stinking cloud engulfs the adder but does no damage.
The stinking cloud engulfs the centaur but does no damage.
The centaur shoots an arrow.
The arrow hits you!
The adder is engulfed in noxious fumes.
The adder appears confused.
Casting: Mephitic Cloud (quite dangerous; 19% risk of failure)
Confirm with . or Enter, or press ? or * to list all spells.
Flames lash the adder.
You kill the adder!
The centaur shoots an arrow.
The arrow hits you!
You have reached level 7!
The centaur shoots an arrow.
The arrow hits you!
* * * LOW HITPOINT WARNING * * *
The centaur shoots an arrow.
The arrow hits you!
You die...
Your body crumbles into a pile of gold.

..... ....c# $
....##......####.
.....................
#...°.........##...#
...#○c............#
#...##............
#..$##......(.....
#$.#............w
#.@......$$......
##.##.!...$......
....#....$$......
...................
#...................
#.#######.........##
#. #.........# #
#...###..## #.... #$#


You could see a centaur.

Vanquished Creatures
  2 scorpions
  A hound (D:3)
  An iguana (D:5)
  An orc wizard (D:3)
  Natasha (thrice) (D:4)
  4 gnolls
  5 adders
  A worm (D:5)
  A dart slug (D:3)
  12 orcs
  7 ball pythons
  8 bats
  3 endoplasms
  3 giant cockroaches
  3 goblins
  5 hobgoblins
  5 jackals
  A quokka (D:3)
  2 frilled lizards
  5 kobolds
  2 rats
75 creatures vanquished.

Vanquished Creatures (others)
  55 foxfires
55 creatures vanquished.

Grand Total: 130 creatures vanquished

Notes
Turn   | Place    | Note
-------+----------+-------------------------------------------
     0 | D:1      | croobank the Octopode Fire Elementalist began the quest for
                  | the Orb.
     0 | D:1      | Reached XP level 1. HP: 11/11 MP: 3/3
   273 | D:1      | Reached XP level 2. HP: 17/17 MP: 1/5
   367 | D:1      | Reached skill level 3 in Stealth
   370 | D:1      | Learned a level 2 spell: Scorch
  1219 | D:2      | Reached XP level 3. HP: 21/21 MP: 3/6
  1624 | D:3      | Found a glowing silver altar of Zin.
  1771 | D:3      | Reached XP level 4. HP: 27/27 MP: 1/7
  1789 | D:3      | Learned a level 4 spell: Flame Wave
  2306 | D:3      | Found a large runed translucent door.
  2306 | D:3      | Found a large runed translucent door.
  2308 | D:3      | Found a shimmering altar of Xom.
  2654 | D:4      | Found a staircase to the Ecumenical Temple.
  2664 | Temple   | Entered the Ecumenical Temple
  2705 | Temple   | Became a worshipper of Gozag Ym Sagoz the Greedy
  2733 | D:4      | Noticed a scorpion
  2738 | D:4      | Killed a scorpion
  2739 | D:4      | Reached skill level 4 in Stealth
  2739 | D:4      | Reached XP level 5. HP: 31/31 MP: 4/9
  2812 | D:4      | Noticed Natasha
  2818 | D:4      | Killed Natasha
  2905 | D:4      | Noticed Natasha
  2913 | D:4      | Killed Natasha
  2918 | D:3      | Reached XP level 6. HP: 14/36 MP: 5/10
  3129 | D:4      | Noticed Natasha
  3135 | D:4      | Killed Natasha
  3383 | D:4      | Identified the ring of Loiviq {rElec rPois rC- Will+
                  | Slay+4}
  3516 | D:4      | Learned a level 3 spell: Mephitic Cloud
  3726 | D:5      | Entered Level 5 of the Dungeon
  3742 | D:5      | Reached skill level 5 in Stealth
  4306 | D:5      | Reached XP level 7. HP: 18/41 MP: 7/12
  4306 | D:5      | Shot with an arrow by a centaur

Illustrated notes

Levels and vault maps discovered:
D:1:      ebering_trefoil_3fold, layout_basic
D:2:      layout_rooms
D:3:      due_chaos_kobolds, layout_basic, lemuel_tele_altar
D:4:      layout_rooms, minmay_temple_entry_junction, uniq_natasha
D:5:      layout_cave_pools, grunt_ministairs_11
Temple:   minmay_temple_curvy_branch

Skill      XL: |  1  2  3  4  5  6 |
---------------+-------------------+-----
Stealth        | 3 4 5 |  5.1
Conjurations   | 2 3 |  3.2
Dodging        | 3 |  3.6
Spellcasting   | 3 |  3.4
Fire Magic     | 4 |  4.2

Action                   |  1- 3 |  4- 6 |  7- 9 || total
-------------------------+-------+-------+-------++-------
Melee: Dagger            |    15 |    29 |       ||    44
       Tentacles         |     5 |    12 |       ||    17
       Constrict         |     4 |     6 |       ||    10
 Cast: Foxfire           |    26 |     8 |       ||    34
       Scorch            |     9 |    29 |       ||    38
       Flame Wave        |       |     4 |       ||     4
       Mephitic Cloud    |       |     1 |       ||     1
  Use: Scroll            |       |    13 |       ||    13
Armor: Skin              |     3 |     4 |       ||     7
Dodge: Dodged            |     9 |    37 |       ||    46

Table legend: (Time is in decaauts)
 A = Elapsed time spent in this place.
 B = Non-inter-level travel time spent in this place.
 C = Inter-level travel time spent in this place.
 D = Time resting spent in this place.
 E = Time spent auto-exploring this place.
 F = Levels seen in this place.
 G = Mean time per level.
                   A        B        C        D        E       F      G
               +--------+--------+--------+--------+--------+-----+--------+
         Total |   4309 |   4202 |    107 |   1073 |   2549 |   6 |  718.2 |
       Dungeon |   4245 |   4160 |     85 |   1073 |   2513 |   5 |  849.0 |
        Temple |     63 |     41 |     22 |      0 |     36 |   1 |   63.0 |
               +--------+--------+--------+--------+--------+-----+--------+

Top non-repeatable levels by time:
     D:3: 1422 daAuts
     D:4: 1152 daAuts
     D:1: 1045 daAuts
     D:2: 575 daAuts
  Temple: 63 daAuts
     D:5: 49 daAuts
